NWL
LOS ANGELES N (SS-A) DODGERS @ EVERETT AQUASOX
08/17/2098
 
TOP OF THE 1ST
Los Angeles N (SS-A) Dodgers batting - Pitching for Everett AquaSox : LHP Jose Carrasquillo
Pitching: LHP Jose Carrasquillo
Batting: RHB Danny Tedesco 0-0: Ball
1-0: Called Strike
1-1: Ground out 4-3 (Groundball, P, EV 88.8 MPH)
Batting: RHB Ted Hedrick 0-0: Called Strike
0-1: Called Strike
0-2: DOUBLE (Line Drive, 89XD, EV 105.6 MPH)
Batting: RHB Matt Pettit 0-0: DOUBLE (Line Drive, 7LM, EV 106.3 MPH)
Ted Hedrick scores
Batting: RHB Austin Vargas 0-0: Called Strike
0-1: Called Strike
0-2: 2-RUN HOME RUN (Flyball, 7LD, EV 94.4 MPH), Distance : 352 ft
Batting: RHB Bernie Sanchez 0-0: Swinging Strike
0-1: Foul Ball, location: 9LSF
0-2: Ball
1-2: Fly out, F8 (Flyball, 8LD, EV 106.3 MPH)
Batting: RHB Nolan Jones 0-0: Ball
1-0: Swinging Strike
1-1: Called Strike
1-2: Ball
2-2: Foul Ball, location: 2F
2-2: Ball
3-2: Foul Ball, location: 3SF
3-2: Ground out 6-3 (Groundball, 6, EV 80.6 MPH)
Top of the 1st over - 3 runs, 3 hits, 0 errors, 0 left on base; Los Angeles N (SS-A) 3 - Everett 0
BOTTOM OF THE 1ST
Everett AquaSox batting - Pitching for Los Angeles N (SS-A) Dodgers : LHP Kenishi Sakurai
Pitching: LHP Kenishi Sakurai
Batting: LHB Darren Gatling 0-0: Foul Ball, location: 9LSFF
0-1: SINGLE (Line Drive, 56D, EV 96.3 MPH)
Batting: RHB Robert Olague 0-0: Reached on error, E6 (Groundball, 6, EV 100.0 MPH)
Darren Gatling to second
Batting: LHB Bryan Mahoney 0-0: Grounds into double play, 4-6-3 (Groundball, 4, EV 80.0 MPH)
Darren Gatling to third
Batting: RHB Keith Burchfield 0-0: Fly out, F8 (Flyball, 8LD, EV 102.5 MPH)
Bottom of the 1st over - 0 runs, 1 hit, 1 error, 1 left on base; Los Angeles N (SS-A) 3 - Everett 0
TOP OF THE 2ND
Los Angeles N (SS-A) Dodgers batting - Pitching for Everett AquaSox : LHP Jose Carrasquillo
Batting: LHB Aaron Himebauch 0-0: Ball
1-0: Ball
2-0: Called Strike
2-1: Swinging Strike
2-2: Fly out, F9 (Line Drive, 9S, EV 95.6 MPH)
Batting: RHB Ivan Morales 0-0: Ball
1-0: Foul Ball, location: 25F
1-1: Foul Ball, location: 2F
1-2: Fly out, F8 (Flyball, 8RM, EV 91.3 MPH)
Batting: SHB Kyle Carroll 0-0: Ball
1-0: Ball
2-0: Ball
3-0: Called Strike
3-1: SINGLE (Line Drive, 7LS, EV 90.0 MPH)
Batting: RHB Danny Tedesco 0-0: Called Strike
0-1: Foul Ball, location: 9LMF
0-2: Foul Ball, location: 23F
0-2: Ball
1-2: Foul Ball, location: 2F
1-2: Ball
2-2: Fielders Choice at 2nd, 6-4 (Groundball, 6, EV 85.0 MPH)
Top of the 2nd over - 0 runs, 1 hit, 0 errors, 1 left on base; Los Angeles N (SS-A) 3 - Everett 0
BOTTOM OF THE 2ND
Everett AquaSox batting - Pitching for Los Angeles N (SS-A) Dodgers : LHP Kenishi Sakurai
Batting: RHB Wyatt Cobb 0-0: Ball
1-0: Ground out 1-3 (Groundball, 13S, EV 64.4 MPH)
Batting: LHB Brett Van Slooten 0-0: Ball
1-0: Foul Ball, location: 3FF
1-1: Ball
2-1: Ball
3-1: Ground out 5-3 (Groundball, 56S, EV 84.4 MPH)
Batting: RHB Miguel Torres 0-0: Ground out U3 (Groundball, 3, EV 85.0 MPH)
Bottom of the 2nd over - 0 runs, 0 hits, 0 errors, 0 left on base; Los Angeles N (SS-A) 3 - Everett 0
TOP OF THE 3RD
Los Angeles N (SS-A) Dodgers batting - Pitching for Everett AquaSox : LHP Jose Carrasquillo
Batting: RHB Ted Hedrick 0-0: Foul Ball, location: 5DF
0-1: Foul Ball, location: 2F
0-2: Ball
1-2: Strikes out looking
Batting: RHB Matt Pettit 0-0: Foul Ball, location: 2F
0-1: SINGLE (Groundball, 6S, EV 70.6 MPH) (infield hit)
Batting: RHB Austin Vargas 0-0: Called Strike
0-1: Ball
1-1: Ball
2-1: Fly out, F8 (Line Drive, 8RS, EV 93.1 MPH)
Batting: RHB Bernie Sanchez 0-0: Ball
Wild Pitch!
Matt Pettit to second
1-0: Called Strike
1-1: SINGLE (Groundball, 34S, EV 75.6 MPH) (infield hit)
Matt Pettit to third
Batting: RHB Nolan Jones 0-0: Foul Ball, location: 2F
0-1: DOUBLE (Groundball, 5L, EV 94.4 MPH)
Matt Pettit scores
Bernie Sanchez to third
Batting: LHB Aaron Himebauch 0-0: Ball
1-0: Called Strike
1-1: Fly out, F8 (Flyball, 8RD, EV 101.3 MPH)
Top of the 3rd over - 1 run, 3 hits, 0 errors, 2 left on base; Los Angeles N (SS-A) 4 - Everett 0
BOTTOM OF THE 3RD
Everett AquaSox batting - Pitching for Los Angeles N (SS-A) Dodgers : LHP Kenishi Sakurai
Batting: RHB Jim Hughes 0-0: Foul Ball, location: 2F
0-1: Swinging Strike
0-2: Hit by Pitch
Batting: LHB Tobias Hernandez 0-0: Ball
1-0: Ball
2-0: Ball
3-0: Called Strike
3-1: Fly out, F8 (Flyball, 78D, EV 88.8 MPH)
Batting: LHB Darren Gatling 0-0: Ball
1-0: Called Strike
1-1: Foul Ball, location: 5F
1-2: Ball
2-2: Foul Ball, location: 7LDF
2-2: Ball
3-2: Strikes out swinging
Jim Hughes is caught stealing 2nd base 2-6
Batter strikes out.
Bottom of the 3rd over - 0 runs, 0 hits, 0 errors, 0 left on base; Los Angeles N (SS-A) 4 - Everett 0
TOP OF THE 4TH
Los Angeles N (SS-A) Dodgers batting - Pitching for Everett AquaSox : LHP Jose Carrasquillo
Batting: RHB Ivan Morales 0-0: Ball
1-0: Ball
2-0: Called Strike
2-1: Foul Ball, location: 2F
2-2: Ball
3-2: Fly out, F3 (Popup, 3S, EV 66.3 MPH)
Batting: SHB Kyle Carroll 0-0: Called Strike
0-1: Swinging Strike
0-2: Ball
1-2: Ball
2-2: Ball
3-2: Base on Balls
Batting: RHB Danny Tedesco 0-0: Ball
1-0: Called Strike
1-1: Ball
2-1: Foul Ball, location: 25F
2-2: Ball
3-2: Foul Ball, location: 2F
3-2: Foul Ball, location: 2F
3-2: Strikes out looking
Batting: RHB Ted Hedrick 0-0: Ball
1-0: Foul Ball, location: 9LSF
1-1: SINGLE (Groundball, 4MD, EV 104.4 MPH)
Kyle Carroll to second
Batting: RHB Matt Pettit 0-0: SINGLE (Line Drive, 5D, EV 101.9 MPH)
Kyle Carroll to third
Ted Hedrick to second
Runner from 3rd tries for Home, SAFE, throw by LF to home
Pitching: RHP Jose Moran
Batting: RHB Austin Vargas 0-0: Ball
1-0: Foul Ball, location: 23F
1-1: Foul Ball, location: 5FF
1-2: Strikes out swinging
Top of the 4th over - 1 run, 2 hits, 0 errors, 2 left on base; Los Angeles N (SS-A) 5 - Everett 0
BOTTOM OF THE 4TH
Everett AquaSox batting - Pitching for Los Angeles N (SS-A) Dodgers : LHP Kenishi Sakurai
Batting: RHB Robert Olague 0-0: Ball
1-0: Swinging Strike
1-1: Foul Ball, location: 23F
1-2: Ball
2-2: SINGLE (Groundball, 34D, EV 108.8 MPH)
Batting: LHB Bryan Mahoney 0-0: DOUBLE (Line Drive, 78D, EV 103.1 MPH)
Robert Olague to third
Batting: RHB Keith Burchfield 0-0: Ball
1-0: Ball
2-0: Fly out, F8 (Flyball, 8LXD, EV 106.3 MPH)
Runner from 3rd tags up, SCORES, no throw by CF
Batting: RHB Wyatt Cobb 0-0: Called Strike
0-1: Foul Ball, location: 3DF
0-2: Ball
1-2: Foul Ball, location: 2F
1-2: Ball
2-2: Ground out 6-3 (Groundball, 6, EV 85.6 MPH)
Batting: LHB Brett Van Slooten 0-0: Called Strike
0-1: Ball
1-1: Ball
2-1: Foul Ball, location: 5DF
2-2: Fly out, F7 (Flyball, 7LM, EV 105.0 MPH)
Bottom of the 4th over - 1 run, 2 hits, 0 errors, 1 left on base; Los Angeles N (SS-A) 5 - Everett 1
TOP OF THE 5TH
Los Angeles N (SS-A) Dodgers batting - Pitching for Everett AquaSox : RHP Jose Moran
Pinch Hitting: LHB Josh Errickson 0-0: Ball
1-0: Ball
2-0: Swinging Strike
2-1: Ball
3-1: Fly out, F8 (Flyball, 8RD, EV 106.9 MPH)
Batting: RHB Nolan Jones 0-0: Ball
1-0: Called Strike
1-1: Ball
2-1: Ball
3-1: Swinging Strike
3-2: Fly out, F8 (Flyball, 8RXD, EV 95.6 MPH)
Batting: LHB Aaron Himebauch 0-0: Ball
1-0: Ground out 6-3 (Groundball, 56, EV 90.0 MPH)
Top of the 5th over - 0 runs, 0 hits, 0 errors, 0 left on base; Los Angeles N (SS-A) 5 - Everett 1
BOTTOM OF THE 5TH
Everett AquaSox batting - Pitching for Los Angeles N (SS-A) Dodgers : LHP Kenishi Sakurai
Now at 1B: Devin Gleason
Batting: RHB Miguel Torres 0-0: Ground out 5-3 (Groundball, 5S, EV 65.0 MPH)
Batting: RHB Jim Hughes 0-0: Called Strike
0-1: Fly out, F9 (Flyball, 9LS, EV 84.4 MPH)
Batting: LHB Tobias Hernandez 0-0: Called Strike
0-1: Foul Ball, location: 23F
0-2: Strikes out swinging
Bottom of the 5th over - 0 runs, 0 hits, 0 errors, 0 left on base; Los Angeles N (SS-A) 5 - Everett 1
TOP OF THE 6TH
Los Angeles N (SS-A) Dodgers batting - Pitching for Everett AquaSox : RHP Jose Moran
Batting: RHB Ivan Morales 0-0: Called Strike
0-1: Called Strike
0-2: Ball
1-2: Strikes out swinging
Batting: SHB Kyle Carroll 0-0: Ball
1-0: Ball
2-0: Ball
3-0: Called Strike
3-1: Ground out 5-3 (Groundball, 56, EV 78.1 MPH)
Batting: RHB Danny Tedesco 0-0: Ball
1-0: Called Strike
1-1: Ball
2-1: Foul Ball, location: 9LMFF
2-2: Fly out, F8 (Flyball, 8RD, EV 93.8 MPH)
Top of the 6th over - 0 runs, 0 hits, 0 errors, 0 left on base; Los Angeles N (SS-A) 5 - Everett 1
BOTTOM OF THE 6TH
Everett AquaSox batting - Pitching for Los Angeles N (SS-A) Dodgers : LHP Kenishi Sakurai
Batting: LHB Darren Gatling 0-0: Called Strike
0-1: Foul Ball, location: 2F
0-2: Strikes out swinging
Batting: RHB Robert Olague 0-0: Ball
1-0: Ball
2-0: Ball
3-0: Called Strike
3-1: Ground out 4-3 (Groundball, 4, EV 105.0 MPH)
Batting: LHB Bryan Mahoney 0-0: Foul Ball, location: 7LSF
0-1: Ground out 4-3 (Groundball, 4M, EV 91.3 MPH)
Bottom of the 6th over - 0 runs, 0 hits, 0 errors, 0 left on base; Los Angeles N (SS-A) 5 - Everett 1
TOP OF THE 7TH
Los Angeles N (SS-A) Dodgers batting - Pitching for Everett AquaSox : RHP Jose Moran
Pitching: RHP Wade Matthews
Batting: RHB Ted Hedrick 0-0: Ball
1-0: Foul Ball, location: 2F
1-1: Swinging Strike
1-2: Foul Ball, location: 9LDF
1-2: Strikes out swinging
Batting: RHB Matt Pettit 0-0: Ball
1-0: Ball
2-0: Ball
3-0: Called Strike
3-1: Base on Balls
Batting: RHB Austin Vargas 0-0: Foul Ball, location: 2F
0-1: Ball
1-1: Called Strike
1-2: SINGLE (Popup, 5D, EV 70.0 MPH)
Matt Pettit to second
Batting: RHB Devin Gleason 0-0: Swinging Strike
0-1: Ball
1-1: Ball
2-1: Swinging Strike
2-2: Ball
3-2: Base on Balls
Matt Pettit to third
Austin Vargas to second
Batting: RHB Nolan Jones 0-0: Foul Ball, location: 2F
0-1: Ball
1-1: Foul Ball, location: 2RF
1-2: Ball
2-2: Foul Ball, location: 7LSFF
2-2: Foul Ball, location: 2F
2-2: Foul Ball, location: 2F
2-2: Foul Ball, location: 3DF
2-2: Ball
3-2: Grounds into double play, 5-4-3 (Groundball, 5, EV 88.1 MPH)
Top of the 7th over - 0 runs, 1 hit, 0 errors, 2 left on base; Los Angeles N (SS-A) 5 - Everett 1
BOTTOM OF THE 7TH
Everett AquaSox batting - Pitching for Los Angeles N (SS-A) Dodgers : LHP Kenishi Sakurai
Batting: RHB Keith Burchfield 0-0: Foul Ball, location: 2F
0-1: Ground out 6-3 (Groundball, 6, EV 105.0 MPH)
Batting: RHB Wyatt Cobb 0-0: Ball
1-0: Ground out 4-3 (Groundball, 4D, EV 105.0 MPH)
Batting: LHB Brett Van Slooten 0-0: Fly out, F9 (Flyball, 9S, EV 90.0 MPH)
Bottom of the 7th over - 0 runs, 0 hits, 0 errors, 0 left on base; Los Angeles N (SS-A) 5 - Everett 1
TOP OF THE 8TH
Los Angeles N (SS-A) Dodgers batting - Pitching for Everett AquaSox : RHP Wade Matthews
Pitching: RHP Travis Chandler
Batting: LHB Aaron Himebauch 0-0: Ball
1-0: Foul Ball, location: 7LMFF
1-1: Called Strike
1-2: Ball
2-2: SINGLE (Groundball, 34D, EV 108.8 MPH)
Batting: RHB Ivan Morales 0-0: Called Strike
0-1: Fly out, F9 (Flyball, 9, EV 93.8 MPH)
Batting: SHB Kyle Carroll 0-0: Ball
Wild Pitch!
Aaron Himebauch to second
1-0: Ground out 4-3 (Groundball, 4, EV 101.9 MPH)
Aaron Himebauch to third
Batting: RHB Danny Tedesco 0-0: Ball
1-0: 2-RUN HOME RUN (Flyball, 89XD, EV 98.8 MPH), Distance : 398 ft
Batting: RHB Ted Hedrick 0-0: Called Strike
0-1: Ball
1-1: SINGLE (Line Drive, 56D, EV 95.0 MPH)
Batting: RHB Matt Pettit 0-0: Ball
1-0: Ball
2-0: Called Strike
2-1: SINGLE (Line Drive, 78M, EV 90.6 MPH)
Ted Hedrick to second
Batting: RHB Austin Vargas 0-0: Ball
1-0: Foul Ball, location: 2F
1-1: Swinging Strike
1-2: Foul Ball, location: 5F
1-2: Strikes out swinging
Top of the 8th over - 2 runs, 4 hits, 0 errors, 2 left on base; Los Angeles N (SS-A) 7 - Everett 1
BOTTOM OF THE 8TH
Everett AquaSox batting - Pitching for Los Angeles N (SS-A) Dodgers : LHP Kenishi Sakurai
Batting: RHB Miguel Torres 0-0: Ball
1-0: Ground out 6-3 (Groundball, 56, EV 94.4 MPH)
Batting: RHB Jim Hughes 0-0: Called Strike
0-1: Ball
1-1: Fly out, F8 (Flyball, 8LM, EV 81.9 MPH)
Batting: LHB Tobias Hernandez 0-0: Fly out, F2 (Popup, 5SF, EV 73.8 MPH)
Bottom of the 8th over - 0 runs, 0 hits, 0 errors, 0 left on base; Los Angeles N (SS-A) 7 - Everett 1
TOP OF THE 9TH
Los Angeles N (SS-A) Dodgers batting - Pitching for Everett AquaSox : RHP Travis Chandler
Batting: RHB Devin Gleason 0-0: Ball
1-0: Called Strike
1-1: Ball
2-1: Ground out 6-3 (Groundball, 6, EV 82.5 MPH)
Batting: RHB Nolan Jones 0-0: Ball
1-0: Foul Ball, location: 9LSF
1-1: Ball
2-1: Ball
3-1: Ground out 6-3 (Groundball, 6M, EV 88.1 MPH)
Batting: LHB Aaron Himebauch 0-0: Ball
1-0: Foul Ball, location: 2F
1-1: Called Strike
1-2: Strikes out looking
Top of the 9th over - 0 runs, 0 hits, 0 errors, 0 left on base; Los Angeles N (SS-A) 7 - Everett 1
BOTTOM OF THE 9TH
Everett AquaSox batting - Pitching for Los Angeles N (SS-A) Dodgers : LHP Kenishi Sakurai
Batting: LHB Darren Gatling 0-0: Called Strike
0-1: DOUBLE (Line Drive, 8RXD, EV 107.5 MPH)
Batting: RHB Robert Olague 0-0: Ball
1-0: SINGLE (Groundball, 6MD, EV 102.5 MPH)
Darren Gatling to third
Pinch Hitting: RHB Victor Garcia 0-0: Called Strike
0-1: Ball
1-1: SINGLE (Line Drive, 34D, EV 62.5 MPH)
Darren Gatling scores
Robert Olague to second
Batting: RHB Keith Burchfield 0-0: Grounds into double play, 6-4-3 (Groundball, 6, EV 101.9 MPH)
Robert Olague to third
Batting: RHB Wyatt Cobb 0-0: Called Strike
0-1: Ball
1-1: Called Strike
1-2: Ball
2-2: Foul Ball, location: 3FF
2-2: SINGLE (Line Drive, 8RS, EV 108.1 MPH)
Robert Olague scores
Batting: LHB Brett Van Slooten 0-0: Ball
1-0: Ball
2-0: Called Strike
2-1: Fly out, F6 (Line Drive, 56, EV 71.3 MPH)
Bottom of the 9th over - 2 runs, 4 hits, 0 errors, 1 left on base; Los Angeles N (SS-A) 7 - Everett 3
Friday, April 12th , 2024 - OOTP Baseball 24.11 Build 85